 Dungeon Crawl Stone Soup version 0.31-a0-174-g85c54bcb58 (webtiles) character file.

Game seed: 7260511032525125280

2300 IdlyInterested the Fighter (level 9, -3/118 HPs)
             Began as a Demonspawn Fighter on June 15, 2023.
             Slain by a killer bee (6 damage)
             ... on level 7 of the Dungeon.
             The game lasted 00:18:49 (6779 turns).

IdlyInterested the Fighter (Demonspawn Fighter)     Turns: 6779, Time: 00:18:50

Health: -3/118     AC: 24    Str: 17    XL:     9   Next: 17%
Magic:  9/9        EV:  2    Int:  9    God:
Gold:   337        SH: 10    Dex: 17    Spells: 8/8 levels left

rFire   . . .        (no weapon)
rCold   . . .        c - +0 buckler
rNeg    . . .        y - melded +1 leather armour of Wesot {rC+ Dex+3}
rPois   +            (helmet currently unavailable)
rElec   .            u - melded +2 cloak
rCorr   .            (gloves currently unavailable)
SInv    .            (boots currently unavailable)
Will    +....        i - amulet of reflection
Stlth   ++           (no ring)
HPRegen 0.39/turn    (no ring)
MPRegen 0.11/turn

%: reflection
@: lethally poisoned (-3 -> -6), tree-form (expiring)
A: stationary, stasis, torment immunity, boosted hp, (hooves 1), (slimy green
scales 2), (antennae 1), strong-willed 1
a: no special abilities


You were on level 7 of the Dungeon.
You were a tree.
You visited 2 branches of the dungeon, and saw 8 of its levels.

You collected 337 gold pieces.

Inventory:

Hand Weapons
 a - a +0 long sword
 k - a +0 falchion
 p - a +2 dagger of speed
 q - a +3 spear
 w - a +0 rapier
 z - a +0 rapier
 D - a +0 scimitar
Missiles
 d - a curare-tipped dart
 g - 42 stones (quivered)
 h - 3 atropa-tipped darts
 n - 9 poisoned darts
 t - 2 boomerangs
Armour
 c - a +0 buckler (worn)
 f - a +2 scale mail of cold resistance
 s - a +0 plate armour
 u - a +2 cloak (melded)
 y - the +1 leather armour of Wesot (melded) {rC+ Dex+3}
   (You found it on level 3 of the Dungeon)

   Dex:       It affects your dexterity (+3).
   rC:        It protects you from cold.
 A - a +2 helmet
Jewellery
 b - an amulet of magic regeneration
 i - an amulet of reflection (around neck)
Scrolls
 o - a scroll of teleportation
 x - a scroll of fear
 E - a scroll of enchant armour
Potions
 e - 2 potions of attraction
 j - 3 potions of curing
 l - 3 potions of mutation
 m - a potion of enlightenment
 r - a potion of brilliance {unknown}
 B - a potion of heal wounds {unknown}
 C - a potion of resistance


   Skills:
 + Level 10.3 Fighting
 - Level 4.0 Long Blades
 + Level 1.9 Throwing
 - Level 3.0 Armour
 - Level 3.0 Dodging
 - Level 1.0 Stealth
 - Level 4.0 Shields
 - Level 2.0 Evocations


You had 8 spell levels left.
You didn't know any spells.
Your spell library contained the following spells:

 Spells                   Type           Power      Damage    Failure   Level
 Call Canine Familiar     Summ           0%         N/A       83%         3
 Portal Projectile        Hex/Tloc       0%         N/A       83%         3
 Leda's Liquefaction      Hex/Erth       0%         N/A       99%         4


Dungeon Overview and Level Annotations

Branches:
Dungeon (7/15)             Temple (1/1) D:5

Altars:
Cheibriados
Fedhas
Hepliaklqana
Makhleb
Nemelex Xobeh
Okawaru
Ru
Sif Muna
Trog
Wu Jian
Xom


Innate Abilities, Weirdness & Mutations

You are a tree.
Your roots penetrate the ground, keeping you stationary.
You cannot be teleported.
You are immune to unholy pain and torment.
Your maximum health is greatly increased.
Your equipment is partially melded.
((You have large cloven feet.))
((You are mostly covered in slimy green scales. (AC +3)))
((You have a pair of small antennae on your head.))
You are strong-willed. (Will+)


Message History

* * * LOW HITPOINT WARNING * * *
The sky beast shocks you.
* * * LOW HITPOINT WARNING * * *
The kobold hits you but does no damage.
The kobold brigand hits you but does no damage.
You block the killer bee's attack.
The killer bee stings you but does no damage.
You closely miss the killer bee. The killer bee stings you!
* * * LOW HITPOINT WARNING * * *
The killer bee barely misses you.
The sky beast hits you but does no damage.
The kobold hits you but does no damage.
The kobold brigand hits you but does no damage.
The killer bee stings you but does no damage. x2
You hit the killer bee.
The killer bee is moderately wounded.
The killer bee stings you but does no damage. x2
You block the sky beast's attack. The kobold barely misses you.
The kobold brigand barely misses you. You block the killer bee's attack.
The killer bee stings you.
* * * LOW HITPOINT WARNING * * *
You are lethally poisoned!
The killer bee poisons you!
As you read the scroll of fear, it crumbles to dust.
You assume a fearsome visage.
The killer bee looks frightened! x5
The ice beast looks frightened!
The kobold brigand looks frightened!
The kobold looks frightened! x4; The sky beast looks frightened!
* * * LOW HITPOINT WARNING * * *
You feel very sick.
Unknown command.
You strike the helpless kobold from behind!
You hit the kobold.
Your attack snaps the kobold out of its fear.
The kobold is moderately wounded.
* * * LOW HITPOINT WARNING * * *
You feel sick. You block the killer bee's attack. x2
You barely miss the kobold.
* * * LOW HITPOINT WARNING * * *
You feel sick. The killer bee stings you.
You die...

... ## ...##. ..y..y#
............ y...K..
..........(. .......
............ .$.....##
........... ......y†##
#(......... ....#♣.##
##........
.......#KK###.......#
.$.........$.......<#
...Y.Y..K.KK........## #
...K.................#..
........###............#
#.#...## ♣.y........##..
#.#y## ♣..♣######.....#
.. ♣...♣ #..####


You could see an ice beast (fleeing), a sky beast (fleeing), a kobold brigand
(fleeing), 6 killer bees and 6 kobolds.

Vanquished Creatures
  Sigmund (D:5)
  Eustachio (D:5)
  Menkaure (D:5)
  Duvessa (D:5)
  A sky beast (D:6)
  A black bear (D:5)
  4 ogres
  A phantom (D:5)
  2 kobold brigands (D:6)
  A bullfrog (D:6)
  A gnoll sergeant (D:5)
  A scorpion (D:5)
  Dowan (D:5)
  4 killer bees (D:7)
  2 orc priests (D:4)
  3 hounds
  A jelly (D:5)
  3 iguanas
  A scorpion zombie (D:3)
  A hound zombie (D:3)
  A howler monkey skeleton (D:3)
  10 gnolls
  7 adders
  A white imp (D:6)
  2 adder zombies (D:3)
  2 adder skeletons (D:3)
  3 worms
  5 dart slugs
  13 orcs
  8 endoplasms
  2 giant cockroaches
  9 goblins
  8 hobgoblins
  10 jackals
  A quokka (D:5)
  6 ball pythons
  A ball python skeleton (D:3)
  11 bats
  11 frilled lizards
  A jackal skeleton (D:3)
  16 kobolds
  6 rats
166 creatures vanquished.

Vanquished Creatures (others)
  A kobold (D:6)
1 creature vanquished.

Grand Total: 167 creatures vanquished

Notes
Turn   | Place    | Note
-------+----------+-------------------------------------------
     0 | D:1      | IdlyInterested the Demonspawn Fighter began the quest for
                  | the Orb.
     0 | D:1      | Reached XP level 1. HP: 18/18 MP: 1/1
   247 | D:1      | Gained mutation: You are partially covered in slimy green
                  | scales. (AC +2) [demonic ancestry]
   247 | D:1      | Reached XP level 2. HP: 23/24 MP: 2/2
   537 | D:1      | Reached XP level 3. HP: 29/29 MP: 3/3
  1331 | D:2      | Reached skill level 1 in Dodging
  1382 | D:2      | Found a faded altar of an unknown god.
  1539 | D:2      | Reached skill level 4 in Fighting
  1539 | D:2      | Reached XP level 4. HP: 37/37 MP: 4/4
  1844 | D:2      | Reached skill level 1 in Stealth
  2121 | D:2      | Reached skill level 1 in Throwing
  2288 | D:3      | Gained mutation: You have large cloven feet. [demonic
                  | ancestry]
  2288 | D:3      | Reached XP level 5. HP: 41/43 MP: 5/5
  2397 | D:3      | Reached skill level 1 in Evocations
  2759 | D:3      | Reached skill level 5 in Fighting
  2774 | D:3      | Identified the +1 leather armour of Wesot {rC+ Dex+3}
  3017 | D:3      | Reached XP level 6. HP: 40/51 MP: 6/6
  3549 | D:4      | Found a bloodstained altar of Trog.
  3915 | D:5      | Entered Level 5 of the Dungeon
  3916 | D:5      | Noticed Menkaure
  3925 | D:5      | Killed Menkaure
  3926 | D:5      | Reached skill level 6 in Fighting
  3926 | D:5      | Reached XP level 7. HP: 26/58 MP: 7/7
  4108 | D:5      | Noticed Duvessa
  4108 | D:5      | Noticed Dowan
  4129 | D:5      | Killed Duvessa
  4132 | D:5      | Killed Dowan
  4400 | D:5      | Gained mutation: You are strong-willed. (Will+) [potion of
                  | mutation]
  4400 | D:5      | Gained mutation: You have a pair of small antennae on your
                  | head. [potion of mutation]
  4502 | D:5      | Noticed Sigmund
  4506 | D:5      | Reached skill level 7 in Fighting
  4519 | D:5      | Killed Sigmund
  4520 | D:5      | Reached skill level 8 in Fighting
  4520 | D:5      | Reached XP level 8. HP: 47/68 MP: 8/8
  4802 | D:5      | Found a sparkling altar of Nemelex Xobeh.
  4934 | D:5      | Noticed Eustachio
  4947 | D:5      | Killed Eustachio
  4948 | D:5      | Reached skill level 9 in Fighting
  5073 | D:5      | Found a staircase to the Ecumenical Temple.
  6012 | D:6      | Reached skill level 10 in Fighting
  6012 | D:6      | Gained mutation: You are mostly covered in slimy green
                  | scales. (AC +3) [demonic ancestry]
  6012 | D:6      | Reached XP level 9. HP: 58/78 MP: 9/9
  6244 | Temple   | Entered the Ecumenical Temple
  6778 | D:7      | HP: 5/118 [poisoned by a killer bee]
  6779 | D:7      | Slain by a killer bee

Illustrated notes

Levels and vault maps discovered:
D:1:      kennysheep_arrival_forest, layout_loops_corners
D:2:      layout_loops_ring, hellmonk_ecumenical_altar_defaced_shrine
D:3:      layout_basic, serial_undead, serial_undead_c, serial_undead_e,
          serial_undead_c, serial_undead_b, serial_undead_a, serial_undead_d
D:4:      layout_loops_ring, mainiacjoe_overflow_cross_hatched
D:5:      layout_loops_ring, nemelex_dance_club_becter,
          minmay_temple_entry_from_below_a, st_stairs_3,
          kennysheep_windowed_goal, uniq_duvessa, uniq_eustachio, uniq_sigmund,
          uniq_menkaure
D:6:      layout_gridville
D:7:      layout_rooms, kennysheep_ying_yang, serial_shops, shop,
          chequers_serial_rivers_large_b, uniq_maggie, uniq_crazy_yiuf_cottage
Temple:   minmay_temple_curvy_loop

Skill      XL: |  1  2  3  4  5  6  7  8  9 |
---------------+----------------------------+-----
Armour         | 3 |  3.0
Long Blades    | 2 3 4 |  4.0
Shields        | 3 4 |  4.0
Dodging        | 1 3 |  3.0
Fighting       | 4 5 6 8 10 | 10.3
Stealth        | 1 |  1.0
Throwing       | 1 |  1.9
Evocations     | 1 2 |  2.0

Action                     |  1- 3 |  4- 6 |  7- 9 || total
---------------------------+-------+-------+-------++-------
  Melee: Long sword        |   110 |   203 |   190 ||   503
         Kick              |       |    45 |    65 ||   110
         Unarmed           |       |       |    37 ||    37
  Throw: Dart              |       |     1 |       ||     1
         Stone             |       |     3 |     8 ||    11
    Use: Scroll            |     1 |     6 |     8 ||    15
         Potion            |       |     3 |     5 ||     8
   Stab: Sleeping          |       |       |     1 ||     1
         Fleeing           |       |       |     1 ||     1
 Armour: Scale mail        |    58 |    81 |       ||   139
         Chain mail        |     4 |       |       ||     4
         Leather armour    |       |    24 |    69 ||    93
         Skin              |       |       |   147 ||   147
  Dodge: Dodged            |    52 |    94 |   117 ||   263
  Block: Buckler           |    30 |   129 |   196 ||   355
         Reflection        |       |     6 |     2 ||     8

Table legend: (Time is in decaauts)
 A = Elapsed time spent in this place.
 B = Non-inter-level travel time spent in this place.
 C = Inter-level travel time spent in this place.
 D = Time resting spent in this place.
 E = Time spent auto-exploring this place.
 F = Levels seen in this place.
 G = Mean time per level.
                   A        B        C        D        E       F      G
               +--------+--------+--------+--------+--------+-----+--------+
         Total |   6936 |   6190 |    746 |    822 |   3556 |   8 |  867.0 |
       Dungeon |   6683 |   5996 |    687 |    822 |   3366 |   7 |  954.7 |
        Temple |    253 |    194 |     59 |      0 |    190 |   1 |  253.0 |
               +--------+--------+--------+--------+--------+-----+--------+

Top non-repeatable levels by time:
     D:5: 1475 daAuts
     D:1: 1263 daAuts
     D:2: 1051 daAuts
     D:6: 1003 daAuts
     D:3: 910 daAuts
     D:4: 907 daAuts
  Temple: 253 daAuts
     D:7: 70 daAuts
